Map: Ever Dream LE

Players

Seither - Winner!

  • Race: Terran Terran
  • Spawn Location: 1:00

MeomaikA

  • Race: Zerg Zerg
  • League: Grandmaster
  • Spawn Location: 7:00

Event: DreamHack SC2 Masters 2020 Summer Oceania RoA

VOD

Have the link to the VOD?

Description

Time

  • Played on: June 24, 2020, 4:29 a.m.
  • Length: 23:02

All games in this series

Show
View Real Time Build Order
Export as new Build Order

Seither Terran - Winner!

Build Orders: Reaper Expand, Hellion Banshee 

Get SALT Encoding   

  12  0:01  SCV  
  13  0:13  SCV  
  14  0:17  Supply Depot  
  14  0:25  SCV  
  15  0:39  SCV  
  15  0:40  Barracks  
  16  0:44  Refinery  
  16  0:51  SCV  
  17  1:03  SCV  
  18  1:15  SCV  
  19  1:28  Reaper, Orbital Command  
  20  1:39  Command Center  
  20  1:47  Supply Depot  
  20  1:54  SCV  
  21  1:59  Marine  
  22  2:06  SCV  
  22  2:08  Factory  
  23  2:16  Refinery  
  23  2:18  SCV  
  23  2:21  Barracks Reactor  
  24  2:30  SCV  
  25  2:42  SCV  
  26  2:54  SCV, Orbital Command  
  26  2:56  Starport  
  27  3:07  Hellion x2  
  27  3:08  SCV  
  27  3:09  Barracks Tech Lab  
  32  3:21  SCV  
  32  3:24  SCV  
  32  3:25  Bunker  
  34  3:31  Hellion x2  
  38  3:36  Marine  
  38  3:39  Cloaking Field, Banshee  
  42  3:42  Supply Depot  
  42  3:45  SCV x2  
  44  3:54  Orbital Command  
  43  3:58  Marine  
  43  4:00  SCV  
  40  4:09  Hellion x2  
  41  4:12  SCV  
  41  4:16  Supply Depot  
  42  4:24  SCV  
  42  4:26  SCV  
  42  4:29  Banshee  
  47  4:36  SCV  
  47  4:37  Marine  
  49  4:38  SCV  
  50  4:48  SCV  
  50  4:50  SCV  
  52  4:54  Command Center  
  52  5:00  SCV  
  52  5:03  SCV, Barracks Tech Lab  
  54  5:13  SCV  
  55  5:15  Barracks x2  
  55  5:17  Factory Reactor  
  55  5:18  SCV  
  56  5:24  Supply Depot, Stimpack  
  56  5:25  SCV, Marine  
  58  5:30  SCV  
  59  5:37  SCV  
  59  5:42  SCV, Starport Reactor, Marine  
  61  5:44  Engineering Bay  
  61  5:46  Engineering Bay  
  61  5:48  Supply Depot  
  61  5:49  SCV  
  63  5:55  SCV  
  64  6:01  SCV  
  64  6:03  Marine x3  
  65  6:07  SCV, Orbital Command  
  65  6:09  Marine x2  
  68  6:11  Siege Tank  
  68  6:13  SCV  
  68  6:14  Supply Depot  
  72  6:19  SCV  
  72  6:23  Terran Infantry Weapons Level 1, Terran Infantry Armor Level 1  
  72  6:24  Marine x2  
  72  6:25  SCV  
  76  6:26  Marine  
  76  6:29  Missile Turret  
  77  6:35  Missile Turret  
  72  6:40  Medivac  
  72  6:41  Medivac  
  72  6:43  SCV  
  72  6:44  SCV  
  73  6:53  SCV  
  67  6:56  SCV, Marine x2  
  67  7:00  Supply Depot  
  68  7:02  SCV  
  68  7:05  SCV  
  68  7:06  Marine x2  
  68  7:07  Combat Shield  
  72  7:13  SCV  
  72  7:14  SCV  
  74  7:17  Refinery, Marine x2  
  74  7:18  Orbital Command  
  76  7:25  SCV  
  76  7:26  SCV  
  76  7:28  Supply Depot  
  78  7:34  Refinery  
  76  7:37  SCV  
  76  7:38  SCV, Marine x2  
  76  7:39  Marine x2  
  80  7:47  Marine  
  80  7:48  SCV  
  80  7:49  SCV  
  80  7:50  SCV  
  80  7:52  Medivac x2  
  80  7:56  Marine x2  
  86  7:59  Missile Turret  
  86  8:00  SCV  
  86  8:01  SCV  
  86  8:02  SCV, Marine x2  
  86  8:04  Marine  
  90  8:13  Marine  
  90  8:14  Marine  
  90  8:18  SCV x3  
  94  8:20  Marine x2  
  94  8:21  Siege Tank  
  94  8:23  Armory  
  99  8:30  SCV x3  
  99  8:31  Marine x3  
  99  8:32  Supply Depot  
  105  8:37  Medivac x2  
  105  8:38  Marine  
  110  8:42  SCV x3  
  113  8:49  Barracks x2  
  113  8:59  Marine x5, Siege Tank  
  113  9:02  SCV x3  
  124  9:03  Supply Depot  
  124  9:05  Supply Depot  
  124  9:13  Bunker  
  124  9:17  Marine  
  124  9:19  Bunker  
  124  9:21  Supply Depot  
  124  9:22  Marine x2  
  124  9:23  SCV x3, Marine x2  
  116  9:34  Marine  
  116  9:35  SCV x2  
  116  9:37  Marine x2  
  111  9:39  Siege Tank  
  111  9:40  SCV, Medivac x2, Marine  
  106  9:46  Marine x3  
  106  9:47  SCV  
  106  9:48  SCV  
  106  9:52  Marine  
  104  9:55  Marine x2  
  104  9:58  Marine  
  107  10:03  Marine  
  107  10:04  Marine  
  108  10:12  Marine x2  
  97  10:14  Orbital Command  
  97  10:15  Marine x2  
  97  10:16  Marine  
  97  10:17  Siege Tank  
  96  10:24  Marine x2  
  96  10:30  Medivac  
  96  10:31  Medivac, Marine x2  
  96  10:34  Orbital Command  
  90  10:47  SCV x2  
  90  10:48  Terran Infantry Weapons Level 2  
  90  10:49  Terran Infantry Armor Level 2  
  92  11:03  Siege Tank  
  92  11:04  Barracks Reactor  
  95  11:06  SCV  
  95  11:07  SCV x2  
  95  11:09  Refinery  
  98  11:12  Supply Depot  
  98  11:13  Marine x2  
  98  11:15  Barracks Reactor  
  100  11:24  Orbital Command, Marine x3  
  103  11:35  Marine x2  
  103  11:39  Siege Tank  
  108  11:42  Marine x3  
  111  11:48  Marine x2  
  111  11:52  Marine x3  
  111  11:53  Marine  
  117  12:00  Marine  
  117  12:05  Marine  
  117  12:06  Medivac x2, Marine x2  
  124  12:10  Marine  
  124  12:19  Supply Depot  
  124  12:20  Marine x3  
  124  12:21  Supply Depot, Siege Tank  
  122  12:22  Marine  
  122  12:24  Barracks Tech Lab  
  122  12:27  SCV  
  122  12:28  SCV, Marine x3  
  128  12:33  Supply Depot  
  128  12:37  Marine  
  128  12:38  Marine x2  
  128  12:40  Marine  
  128  12:43  Command Center  
  132  12:44  Marine  
  132  12:46  Marine x3  
  132  12:48  SCV x3  
  139  12:52  Supply Depot  
  139  12:53  Siege Tank  
  139  12:55  Marine  
  139  12:56  Marine  
  144  13:06  Marine x3  
  144  13:07  Terran Infantry Weapons Level 3  
  144  13:08  Terran Infantry Armor Level 3  
  144  13:11  SCV x2  
  144  13:12  SCV  
  147  13:14  Refinery x2  
  147  13:17  Supply Depot  
  147  13:19  Supply Depot  
  147  13:20  Terran Vehicle Weapons Level 1  
  147  13:25  Marine x2  
  147  13:26  Marine  
  150  13:28  Siege Tank  
  150  13:31  SCV x2  
  150  13:32  SCV  
  156  13:36  Marine x3  
  156  13:38  Marine x2  
  161  13:52  Marine x2  
  161  13:53  Marine x2  
  165  14:02  Sensor Tower  
  165  14:03  Siege Tank  
  168  14:10  Barracks  
  168  14:11  Barracks x2  
  168  14:15  Marine x3  
  168  14:16  Marauder  
  173  14:20  SCV x3  
  176  14:32  Marauder, Marine x3, Sensor Tower  
  176  14:33  Marine  
  176  14:35  Medivac x2  
  176  14:38  Supply Depot  
  186  14:46  SCV x3  
  186  14:49  Planetary Fortress  
  186  14:50  Supply Depot  
  189  14:56  Ghost Academy  
  189  15:02  Barracks Tech Lab x2  
  189  15:03  Concussive Shells, Barracks Tech Lab  
  187  15:17  Marauder x2  
  187  15:19  Siege Tank  
  194  15:24  Command Center  
  194  15:28  Ghost x2  
  198  15:37  Terran Vehicle Weapons Level 2  
  198  15:39  Marauder  
  183  16:07  Ghost x3  
  180  16:14  Siege Tank  
  183  16:19  Ghost x2  
  183  16:24  Refinery x2  
  187  16:29  SCV x3  
  187  16:31  Command Center  
  190  16:35  Ghost  
  190  16:39  Ghost x2  
  192  16:48  Ghost x2  
  196  17:03  Sensor Tower  
  196  17:04  Ghost  
  196  17:07  Ghost  
  200  17:08  Personal Cloaking  
  200  17:10  Missile Turret  
  200  17:15  Unknown  
  200  17:19  Planetary Fortress  
  200  17:20  Command Center  
  198  17:29  Ghost  
  188  17:45  Orbital Command  
  188  17:49  Command Center  
  188  17:56  Command Center  
  188  18:05  Ghost x2  
  188  18:06  Liberator  
  188  18:07  Liberator  
  188  18:11  SCV x2  
  200  18:22  Missile Turret x3  
  193  18:34  Starport  
  193  18:35  Starport  
  193  18:36  Fusion Core  
  193  18:43  Siege Tank  
  196  18:49  Liberator  
  196  18:52  Ghost Academy x2  
  199  18:59  Terran Vehicle Weapons Level 3  
  199  19:09  Orbital Command x2  
  199  19:14  Liberator x2  
  199  19:15  Planetary Fortress  
  195  19:19  SCV x5  
  195  19:21  Sensor Tower  
  200  19:29  Refinery x2  
  192  19:32  Liberator x2  
  198  19:46  Sensor Tower  
  198  19:47  Missile Turret  
  198  19:53  Missile Turret  
  198  20:05  Missile Turret  
  198  20:09  Missile Turret  
  195  20:22  Missile Turret  
  195  20:28  Command Center  
  195  20:29  Advanced Ballistics  
  195  20:30  Starport Reactor x2  
  195  20:36  Ghost, Liberator  
  195  20:41  Command Center, Sensor Tower  
  195  20:42  Command Center  
  200  20:58  Nuke x3  
  197  21:05  Liberator  
  197  21:06  Command Center  
  194  21:17  Factory  
  194  21:27  Widow Mine x2  
  198  21:40  Enhanced Shockwaves  
  170  21:54  Marauder x2, Marine x5  
  170  21:55  Marauder, Marine  
  172  22:02  Marauder x2  
  172  22:03  Liberator x3  
  187  22:08  Widow Mine  
  187  22:09  Widow Mine  
  187  22:12  Orbital Command x2, Marine x4  
  193  22:16  Marauder x2  
  197  22:41  Marine  
  197  22:43  Missile Turret  
Show
View Real Time Build Order
Export as new Build Order

MeomaikA Zerg 

Build Orders: Hatch First 

Get SALT Encoding   

  12  0:00  Drone  
  13  0:08  Drone  
  14  0:16  Overlord  
  14  0:22  Extractor  
  14  0:23  Drone  
  15  0:34  Drone x2  
  17  0:50  Hatchery  
  17  0:53  Drone  
  17  1:07  Spawning Pool  
  17  1:11  Drone, Extractor  
  15  1:15  Drone  
  15  1:18  Drone  
  18  1:26  Drone  
  19  1:37  Overlord  
  19  1:53  Zergling x2, Queen  
  22  1:58  Zergling x2  
  23  2:02  Queen  
  23  2:03  Drone  
  26  2:08  Roach Warren  
  26  2:10  Drone  
  26  2:14  Drone  
  27  2:26  Extractor  
  27  2:29  Spore Crawler  
  27  2:37  Overlord  
  27  2:38  Drone  
  28  2:48  Roach x4  
  36  2:51  Metabolic Boost  
  36  2:57  Drone  
  36  3:06  Zergling x2  
  36  3:07  Zergling x2  
  36  3:12  Zergling x8  
  42  3:20  Drone  
  42  3:21  Drone  
  42  3:24  Lair  
  44  3:28  Extractor  
  44  3:31  Drone  
  44  3:35  Overlord  
  44  3:38  Extractor  
  44  3:41  Overlord, Drone  
  44  3:53  Drone  
  44  3:54  Drone  
  46  3:57  Drone  
  46  3:59  Drone x2  
  46  4:01  Overlord  
  47  4:05  Drone x2  
  47  4:09  Drone x2  
  49  4:13  Drone  
  49  4:15  Drone  
  51  4:20  Drone  
  51  4:22  Drone  
  54  4:30  Spire  
  52  4:31  Drone  
  52  4:33  Drone  
  52  4:36  Overseer  
  52  4:37  Drone  
  55  4:43  Drone x2  
  55  4:44  Drone  
  58  4:47  Drone x2  
  58  4:50  Drone, Extractor  
  58  4:51  Drone  
  61  4:53  Drone  
  61  4:56  Drone  
  61  4:58  Overlord  
  63  5:05  Overlord  
  63  5:08  Queen  
  63  5:10  Overlord  
  65  5:15  Spore Crawler  
  64  5:41  Mutalisk x6  
  76  5:44  Zergling x6  
  76  5:45  Zergling x6  
  82  5:59  Spore Crawler  
  81  6:04  Drone  
  81  6:11  Mutalisk x3  
  82  6:14  Extractor  
  82  6:17  Hatchery, Glial Reconstitution  
  86  6:19  Drone x3, Extractor  
  86  6:20  Evolution Chamber x2  
  86  6:21  Drone  
  87  6:28  Queen  
  74  6:56  Overlord x2, Roach x9  
  74  7:00  Overlord  
  92  7:06  Zerg Missile Weapons Level 1, Zerg Ground Armor Level 1  
  90  7:10  Roach  
  90  7:14  Overlord  
  92  7:21  Roach x2  
  96  7:23  Ravager x3  
  96  7:29  Roach x3  
  101  7:37  Roach x2  
  101  7:40  Roach  
  101  7:41  Roach x2  
  111  7:48  Roach x3  
  117  7:52  Roach  
  117  7:53  Drone  
  117  7:54  Drone  
  121  8:00  Drone  
  121  8:02  Overlord  
  122  8:10  Overlord x2  
  122  8:16  Overlord x2  
  122  8:22  Roach x3  
  122  8:25  Roach  
  126  8:27  Roach  
  126  8:28  Drone  
  126  8:32  Ravager x4  
  126  8:33  Ravager x2  
  135  8:36  Roach  
  135  8:41  Roach x2  
  141  8:42  Roach  
  141  8:46  Roach  
  145  8:49  Roach  
  145  8:52  Roach  
  145  8:54  Roach  
  147  8:56  Roach  
  147  8:59  Roach  
  147  9:02  Roach  
  153  9:05  Roach  
  153  9:08  Roach  
  157  9:11  Roach  
  157  9:16  Spore Crawler  
  156  9:22  Roach x2  
  156  9:26  Roach  
  156  9:27  Roach  
  156  9:30  Roach  
  141  9:33  Roach  
  141  9:35  Roach  
  131  9:40  Roach  
  131  9:42  Roach  
  131  9:44  Roach  
  122  9:48  Roach  
  122  9:50  Roach  
  122  9:55  Ravager, Roach  
  122  9:56  Ravager  
  122  9:57  Ravager  
  124  10:02  Roach  
  124  10:03  Roach  
  124  10:06  Roach  
  130  10:10  Roach  
  130  10:13  Roach  
  129  10:16  Roach  
  129  10:19  Roach  
  126  10:21  Roach  
  126  10:24  Roach  
  126  10:28  Roach  
  122  10:29  Drone  
  122  10:31  Drone  
  115  10:36  Roach  
  115  10:38  Drone x2  
  115  10:41  Drone  
  111  10:50  Corruptor  
  113  11:06  Corruptor  
  113  11:07  Drone x3  
  113  11:08  Roach x3  
  124  11:12  Ravager x6  
  124  11:13  Ravager  
  124  11:14  Ravager  
  124  11:15  Overseer  
  130  11:19  Roach  
  130  11:21  Roach  
  130  11:24  Roach  
  136  11:27  Roach  
  136  11:31  Roach  
  136  11:32  Roach  
  142  11:37  Drone  
  142  11:38  Drone x3  
  146  11:44  Zerg Ground Armor Level 2  
  146  11:57  Overlord x2  
  142  12:17  Roach x3  
  148  12:23  Roach x3  
  148  12:28  Hatchery  
  153  12:30  Zerg Missile Weapons Level 2  
  153  12:41  Corruptor x2  
  153  12:43  Corruptor  
  159  12:45  Roach  
  161  12:51  Drone  
  161  12:55  Overlord x2  
  161  12:56  Overlord  
  162  13:09  Infestation Pit  
  161  13:13  Drone x2  
  161  13:14  Drone x7  
  161  13:15  Drone  
  161  13:16  Drone  
  161  13:18  Ravager x2  
  174  13:21  Roach  
  174  13:23  Roach  
  174  13:24  Ravager  
  174  13:25  Ravager x2  
  181  13:28  Overlord  
  181  13:32  Ravager x5  
  186  13:35  Overlord  
  186  13:41  Roach x2  
  190  13:42  Roach  
  192  13:49  Hive  
  192  13:50  Roach  
  192  13:51  Roach  
  192  13:52  Spore Crawler  
  192  13:54  Roach  
  197  13:59  Roach  
  199  14:04  Pneumatized Carapace  
  199  14:12  Drone  
  200  14:22  Hatchery  
  199  14:36  Unknown  
  198  14:41  Drone x2  
  200  15:02  Zerg Ground Armor Level 3, Ultralisk Cavern, Zerg Missile Weapons Level 3  
  199  15:38  Hatchery  
  198  15:45  Zerg Flyer Weapons Level 1  
  198  16:01  Spore Crawler  
  163  16:13  Ultralisk x6  
  163  16:14  Ultralisk x2  
  163  16:16  Roach x2  
  200  16:30  Hatchery  
  199  16:39  Extractor  
  196  16:43  Extractor  
  196  16:45  Drone x2  
  196  16:46  Drone  
  196  16:52  Overlord  
  196  16:53  Roach  
  198  16:57  Chitinous Plating  
  198  17:00  Hatchery  
  191  17:45  Overlord x2  
  191  17:47  Zerg Melee Weapons Level 1  
  191  17:51  Overseer  
  191  18:10  Adrenal Glands  
  191  18:12  Baneling Nest  
  190  18:14  Overseer x2  
  190  18:15  Overseer x3  
  190  18:16  Anabolic Synthesis  
  192  18:41  Drone x3  
  192  18:42  Drone x2  
  192  18:43  Drone x2  
  192  18:44  Drone x3  
  192  18:47  Zerg Flyer Weapons Level 2  
  200  18:56  Nydus Network  
  199  19:17  Drone  
  183  19:42  Zerg Melee Weapons Level 2  
  183  19:56  Hatchery  
  182  20:04  Nydus Canal  
  176  20:19  Zergling x40  
  176  20:20  Zergling x36  
  176  20:21  Zergling x4, Centrifical Hooks  
  198  20:27  Drone x2  
  200  20:38  Hatchery  
  199  20:43  Baneling x80  
  199  20:45  Zergling x2  
  200  21:02  Queen  
  198  21:16  Extractor  
  197  21:51  Corruptor x6  
  145  21:59  Zergling x2  
  145  22:00  Zergling x90  
  163  22:02  Ultralisk x6  
  163  22:03  Overlord  
  163  22:05  Overseer x6  
  163  22:08  Nydus Canal  
  196  22:10  Zergling x6  
  196  22:12  Hatchery  
  196  22:13  Zergling x2  
  199  22:20  Overseer  
  198  22:32  Zergling x4  
  198  22:35  Nydus Canal  
  197  22:41  Baneling  
  197  22:42  Zergling x10, Baneling x49  
  199  22:49  Extractor  
Tags
 
Add a new tag
Caveats
  • Supply blocks, unpowered buildings, or Contaminate may cause inaccurate times.
  • Supply counts are checked every 10 seconds.